 Dungeon Crawl Stone Soup version 0.29.1-12-g30fa7ad0bf (webtiles) character file.

Game seed: 12007770760509038007

355 cheesebisquit the Cutter (level 6, -10/35 HPs)
             Began as a Kobold Brigand on Jan 10, 2023.
             Was an Initiate of Wu Jian.
             Mangled by an ogre
             ... wielding a +0 giant club
              (19 damage)
             ... on level 5 of the Dungeon on Jan 11, 2023.
             The game lasted 00:22:39 (3635 turns).

cheesebisquit the Cutter (Kobold Brigand)           Turns: 3635, Time: 00:22:40

Health: -10/35     AC:  5    Str:  8    XL:     6   Next: 95%
Magic:  6/6        EV: 14    Int: 13    God:    Wu Jian [......]
Gold:   333        SH:  0    Dex: 24    Spells: 5/5 levels left

rFire   . . .      SeeInvis .   l - +0 rapier (elec)
rCold   . . .      Faith    .   (no shield)
rNeg    . . .      Spirit   .   o - +0 leather armour
rPois   .          Reflect  .   (no helmet)
rElec   .          Harm     .   n - +0 cloak
rCorr   .          Rampage  .   (no gloves)
Will    .....                   w - +0 pair of boots
Stlth   ++++......              j - amulet of regeneration
HPRegen 0.91/turn               t - +6 ring of dexterity
MPRegen 0.10/turn               (no ring)

@: no status effects
A: small, no large weapons, nightstalker 3
a: Renounce Religion


You were on level 5 of the Dungeon.
You worshipped Wu Jian.
Wu Jian was noncommittal.
You visited 2 branches of the dungeon, and saw 8 of its levels.

You collected 333 gold pieces.

Inventory:

Hand Weapons
 l - a +0 rapier of electrocution (weapon)
Missiles
 d - 13 poisoned darts (quivered)
 k - 56 stones
 y - 2 throwing nets
Armour
 b - a +0 robe
 e - a +0 chain mail
 n - a +0 cloak (worn)
 o - a +0 leather armour (worn)
 w - a +0 pair of boots (worn)
Jewellery
 j - an amulet of regeneration (around neck)
 t - a +6 ring of dexterity (left hand)
Wands
 v - a wand of light (21)
Scrolls
 a - 2 scrolls of torment
 f - a scroll of blinking {unknown}
 g - a scroll of noise {unknown}
 h - 2 scrolls of butterflies {unknown}
 i - 4 scrolls of immolation
 p - a scroll of enchant armour {unknown}
 q - 2 scrolls of poison
 s - 3 scrolls of magic mapping {unknown}
 u - 2 scrolls of teleportation {unknown}
Potions
 c - 2 potions of haste
 m - 3 potions of curing
 r - 2 potions of heal wounds
 x - a potion of mutation {unknown}


   Skills:
 - Level 2.1 Fighting
 + Level 6.6 Short Blades
 + Level 5.4 Throwing
 - Level 1.2 Dodging
 - Level 5.3 Stealth


You had 5 spell levels left.
You didn't know any spells.
Your spell library contained the following spells:

 Spells                   Type           Power      Damage    Failure   Level
 Foxfire                  Conj/Fire      0%         2x1d4     41%         1
 Conjure Flame            Conj/Fire      0%         6-21      80%         3
 Inner Flame              Hex/Fire       0%         N/A       80%         3
 Corpse Rot               Necr/Pois/Air  0%         N/A       99%         4
 Dispel Undead            Necr           0%         3d6       99%         4
 Flame Wave               Conj/Fire      0%         2d4       99%         4
 Death Channel            Necr           0%         N/A       100%        6


Dungeon Overview and Level Annotations

Branches:
Dungeon (7/15)             Temple (1/1) D:4

Altars:
Cheibriados
Dithmenos
Elyvilon
Fedhas
Gozag
Hepliaklqana
Kikubaaqudgha
Makhleb
Nemelex Xobeh
Okawaru
Ru
Sif Muna
Uskayaw
Vehumet
Wu Jian
Xom
Yredelemnul
Zin


Innate Abilities, Weirdness & Mutations

You are small and have problems with some larger weapons.
You are completely attuned to the shadows.


Message History

You see here a +0 giant club.
d - 14 poisoned darts (gained 1)
There is a stone staircase leading down here.
d - 15 poisoned darts (gained 1) Done exploring.
There is a stone staircase leading down here.
You climb downwards.
You hear the sound of rushing water.
There is an entrance to a sewer on this level.
Hurry and find it before the portal rusts away!
The adder hisses angrily.
You hear a shout!
There is a stone staircase leading up here.
You lunge at the adder.
You puncture the adder!
The adder is severely wounded.
The adder bites you but does no damage. The adder misses you.
You hit the adder but do no damage.
The adder is heavily wounded.
The adder bites you but does no damage.
Throw: 15 darts (poison)
Press: ? - help, Q - select action, (/) - cycle Shift-Dir - straight line, f - adder
Aim: an adder (heavily wounded, 52% to hit)
You throw a poisoned dart. The poisoned dart misses the adder.
You hear the brisk rusting of a drain nearby.
The adder bites you.
You hit the ogre.
The ogre is lightly wounded.
The adder bites you. The ogre hits you with a +0 giant club!
You puncture the adder!
You kill the adder!
The Council accepts your kill. The ogre attacks as you move away!
The ogre hits you with a +0 giant club!
* * * LOW HITPOINT WARNING * * *
Throw: 14 darts (poison)
Press: ? - help, Q - select action, (/) - cycle Shift-Dir - straight line, f - ogre
Aim: an ogre, wielding a +0 giant club (lightly wounded, 79% to hit)
You throw a poisoned dart.
The poisoned dart barely misses the ogre.
The ogre attacks as you move away!
The ogre hits you with a +0 giant club!!
Ouch! That really hurt!
You die...

.......(...# ...........##
............. .......†......
....@O..(.##.. .
#####..<#....... .########
#######............ .#......#
#..................
.#....[.###.#####..#.........
.............................
........########....##..!...<
.#.###### .............. .#.#
#.##......(..


You could see an ogre.

Vanquished Creatures
  An ogre (D:4)
  A phantom (D:4)
  A hound (D:5)
  A jelly (D:4)
  Jessica (D:2)
  5 adders
  A shadow imp (D:5)
  A dart slug (D:4)
  An orc (D:4)
  3 endoplasms
  A giant cockroach (D:1)
  10 hobgoblins
  A jackal (D:1)
  6 kobolds
  3 quokkas (D:4)
  3 ball pythons
  4 bats
  3 frilled lizards (D:1)
  9 goblins
  6 rats
62 creatures vanquished.

Notes
Turn   | Place    | Note
-------+----------+-------------------------------------------
     0 | D:1      | cheesebisquit the Kobold Brigand began the quest for the
                  | Orb.
     0 | D:1      | Reached XP level 1. HP: 12/12 MP: 1/1
    63 | D:1      | Reached skill level 3 in Short Blades
   107 | D:1      | Reached XP level 2. HP: 17/17 MP: 2/2
   643 | D:1      | Reached XP level 3. HP: 21/21 MP: 3/3
  1242 | D:2      | Found a faded altar of an unknown god.
  1272 | D:2      | Reached skill level 4 in Short Blades
  1354 | D:2      | Noticed Jessica
  1360 | D:2      | Killed Jessica
  1361 | D:2      | Reached XP level 4. HP: 26/26 MP: 4/4
  2754 | D:4      | Noticed a phantom
  2774 | D:4      | Killed a phantom
  2775 | D:4      | Reached skill level 5 in Short Blades
  2775 | D:4      | Reached XP level 5. HP: 28/30 MP: 5/5
  2932 | D:4      | Found a staircase to the Ecumenical Temple.
  3133 | D:4      | Reached XP level 6. HP: 35/35 MP: 6/6
  3226 | D:4      | You fall into a shaft and drop 3 floors!
  3276 | D:5      | Entered Level 5 of the Dungeon
  3479 | Temple   | Entered the Ecumenical Temple
  3492 | Temple   | Became a worshipper of the Wu Jian Council
  3579 | D:5      | Noticed an ogre
  3584 | D:5      | Reached skill level 6 in Short Blades
  3584 | D:5      | Reached skill level 5 in Throwing
  3592 | D:5      | Noticed an ogre
  3614 | D:4      | Killed an ogre
  3635 | D:5      | Mangled by an ogre

Illustrated notes

Levels and vault maps discovered:
D:1:      minmay_arrival_semitransparent, layout_loops_ring, minmay_heptomino_h4
D:2:      layout_loops_ring, nicolae_ecumenical_lake_church, uniq_jessica
D:3:      layout_rooms
D:4:      layout_loops_ring, minmay_temple_entry_wispy, minmay_pentomino_pile
D:5:      layout_rooms, gup_sewer_entry_spiral, nicolae_underground_beach
D:6:      layout_loops_corners, cheibrodos_ashenzari_chains,
          chequers_serial_rivers_large_b, uniq_duvessa
D:7:      layout_cave_pools
Temple:   dpeg_three_leaves_temple

Skill      XL: |  1  2  3  4  5  6 |
---------------+-------------------+-----
Short Blades   | 3 4 5 6 |  6.6
Throwing       | 3 4 5 |  5.4
Fighting       | |  2.1
Dodging        | |  1.2
Stealth        | |  5.3

Action                   |  1- 3 |  4- 6 || total
-------------------------+-------+-------++-------
Melee: Dagger            |    22 |       ||    22
       Rapier            |    25 |    55 ||    80
       Punch             |       |     1 ||     1
Throw: Dart              |    65 |    23 ||    88
       Stone             |       |     5 ||     5
Invok: Lunge             |       |     2 ||     2
  Use: Scroll            |       |     7 ||     7
 Stab: Sleeping          |     3 |    13 ||    16
Armor: Scale mail        |     8 |     2 ||    10
       Leather armour    |       |     4 ||     4
       Chain mail        |       |     1 ||     1
Dodge: Dodged            |    15 |    19 ||    34
